AoeStats
← asdt560

Four Lakes

509101916Analyzed
1v1 RM · 6d ago on Sep 25, 2026· 34m 25s· 2 players
Game mode
Random Map
Map size
Tiny (2 player)
Population
200
Speed
Normal
Resources
Standard
Victory
Conquest
Starting age
Dark Age
Ending age
Imperial Age
RankedLock teamsTeams togetherTeam positionsShared explorationLock speedFull tech treeHidden civsTurbo modeCheats
Victory
Defeat
🇦🇷 Byzantines · Argentina
1037
+15
🇳🇴 Danes · Norway
1010
-15
SkanDahl
8:56 Loom
11:07 Feudal Age
11:50 Double-Bit Axe
17:07 Castle Age
16:12 Arson
20:09 Wheelbarrow
19:40 Town Watch
20:07 Scale Mail Armor
20:18 Forging
23:27 Hand Cart
24:39 Iron Casting
29:34 Gold Mining
29:37 Fishing Lines
35:47 Imperial Age
34:29 Bow Saw
asdt560
10:31 Feudal Age
10:00 Loom
13:46 Double-Bit Axe
15:31 Wheelbarrow
15:45 Horse Collar
18:52 Castle Age
19:14 Fishing Lines
19:11 Crossbowman
20:55 Fletching
23:15 Thumb Ring
23:46 Bodkin Arrow
25:40 Bow Saw
31:53 Imperial Age
30:30 Hand Cart
32:34 Scale Barding Armor
32:52 Bracer
34:36 Gillnets
Connection lost

Rejoining the realm…

Still unreachable

The connection could not be restored.

Session expired

The server has moved on; the page needs a fresh start.